[Event "Early-Titled-Tuesday-Blitz-October-17-2023"]
[Site "Chess.com"]
[Date "2023.10.17"]
[Round "9"]
[White "HouseOfDurin"]
[Black "JiiHart"]
[Result "1/2-1/2"]
[WhiteElo "2274"]
[BlackElo "2204"]
[TimeControl "180+1"]
[EndTime "9:49:32 PDT"]
[Termination "Game drawn by repetition"]

1. d4 d5 2. Bg5 c5 3. c3 Nc6 4. e3 f6 5. Bh4 Qb6 6. Qb3 e6 7. Nd2 cxd4 8. exd4 Qxb3 9. axb3 Bd6 10. Bg3 Bxg3 11. hxg3 Nge7 12. Bd3 f5 13. b4 Bd7 14.
Ngf3 O-O 15. b5 Nd8 16. Ne5 Be8 17. Nb3 b6 18. Ke2 Nf7 19. Nxf7 Rxf7 20. g4 g6 21. g5 Nc8 22. Ra6 Nd6 23. Rha1 Rb7 24. Na5 Rbb8 25. Nc6 Bxc6 26. bxc6 Rc8 27. Rxa7 Rxa7 28.
Rxa7 Rxc6 29. f3 Nc8 30. Rb7 Nd6 31. Rb8+ Kg7 32. g3 h6 33. gxh6+ Kxh6 34. Rd8 Nf7 35. Rd7 Kg7 36. Re7 Kf6 37. Rb7 Nd6 38. Rb8 Kf7 39. Ke3 g5 40. Ba6 Rc7 41. Rxb6 Ra7 42. Bd3 Nc4+ 43.
Bxc4 dxc4 44. Rc6 Ra2 45. Rxc4 Rxb2 46. Rc7+ Kf6 47. f4 g4 48. Rc6 Rg2 49. d5 Rxg3+ 50.
Kd4 Rf3 51. Rxe6+ Kf7 52. Ke5 Rxc3 53. Kxf5 g3 54. Rg6 Rd3 55. Rg4 Rxd5+ 56. Ke4 Ra5 57.
Rxg3 Kf6 58. Rh3 Ra4+ 59. Kf3 Kf5 60. Rh5+ Kg6 61. Rg5+ Kf6 62. Kg4 Ra1 63. Rb5 Rg1+ 64. Kf3 Rf1+ 65. Kg3 Rg1+ 66. Kf2 Ra1 67. Kf3 Rf1+ 68.
Kg4 Rg1+ 69. Kf3 Rf1+ 1/2-1/2

[Event "Early-Titled-Tuesday-Blitz-October-17-2023"]
[Site "Chess.com"]
[Date "2023.10.17"]
[Round "9"]
[White "CuattroPrincesses"]
[Black "ExcitingTrap"]
[Result "1-0"]
[WhiteElo "2293"]
[BlackElo "2375"]
[TimeControl "180+1"]
[EndTime "9:49:34 PDT"]
[Termination "CuattroPrincesses won on time"]

1. e4 e5 2. Nf3 Nc6 3. Bb5 a6 4. Ba4 Nf6 5. d3 Be7 6. Bxc6 dxc6 7. Nxe5 O-O 8. O-O Bd6 9. Nf3 Bg4 10. Bg5 h6 11.
Bh4 g5 12. Bg3 Bc5 13. Nbd2 Re8 14. Nc4 Bh5 15. Ne3 Kh7 16. h4 g4 17. Ne5 Rg8 18. N5c4 Qd7 19. Nf5 Rae8 20. Nce3 Bb6 21. Qd2 Rg6 22.
Qc3 Qe6 23. Rae1 Qxa2 24. b3 Qa3 25. Ra1 Qf8 26. Qc4 Nd7 27. Qc3 f6 28. Nc4 Rg8 29. Nxb6 cxb6 30. Nd6 Re6 31. Nxb7 Ne5 32. Bxe5 fxe5 33.
Rxa6 Qc8 34. Ra7 Rg7 35. Qc4 Bf7 36. Qa6 Re7 37. Qxb6 Be8 38. Nd6 Qe6 39. Rxe7 Qxe7 40. Nxe8 Qxe8 41. Qc5 h5 42. g3 Rf7 43. Qe3 Rf3 44. Qg5 Qe6 45. Qxh5+ Kg7 46. Qg5+ Kf8 47. h5 Qd6 48. h6 Qc5 49. Qg7+ Ke8 50. Kg2 Rf7 51.
Qg8+ Rf8 52. h7 Rxg8 53. hxg8=Q+ Kd7 54. Qxg4+ Kc7 55. Qf5 Kb6 56. Qf7 Qxc2 57. Qc4 Qe2 58. b4 Qg4 59. Qc5+ Kb7 60. b5 cxb5 61. Qxb5+ Kc7 62.
Qd5 Qg5 63. d4 1-0

[Event "Early-Titled-Tuesday-Blitz-October-17-2023"]
[Site "Chess.com"]
[Date "2023.10.17"]
[Round "9"]
[White "Nitzan_Steinberg"]
[Black "Beca95"]
[Result "0-1"]
[WhiteElo "2848"]
[BlackElo "2928"]
[TimeControl "180+1"]
[EndTime "9:49:36 PDT"]
[Termination "Beca95 won on time"]

1. Nf3 d5 2. g3 Bg4 3. Bg2 e6 4. h3 Bh5 5. O-O c6 6. d3 Nd7 7. Qe1 Bd6 8. e4 Ne7 9. b3 O-O 10. Bb2 a5 11. a4 Qb6 12. e5 Bb8 13. Nbd2 h6 14. Nh4 Ng6 15. Nxg6 Bxg6 16. Kh2 Ba7 17. Qe2 Rfe8 18. Rae1 Qc5 19. Nf3 Bh7 20.
g4 b5 21. Bc1 bxa4 22. bxa4 Qb4 23. g5 hxg5 24. Nxg5 Bf5 25. f4 Qe7 26. Qh5 Rab8 27. Bf3 Rb4 28. Re2 Rxa4 29. Rg2 Ra2 30. Bg4 Bg6 31.
Qh4 Rb8 32. Bh5 Nf8 33. Bxg6 fxg6 34. Qg4 Rb1 35. Ba3 Rxa3 36. Rxb1 Ra4 37. h4 Be3 38. Nh3 Qf7 39. Kh1 Rb4 40. Rxb4 axb4 41. Qf3 Bd4 42.
Ng5 Qe8 43. Kh2 Nh7 44. Qg4 Nf8 45. Kg3 c5 46. Rh2 c4 47. dxc4 dxc4 48. f5 Bxe5+ 49. Kh3 gxf5 50. Qxc4 Bxh2 51. Kxh2 Qa8 52. Nxe6 Qb8+ 53.
Nf4+ Kh8 54. Kg2 Qb7+ 55. Kg3 Qb8 56. h5 Kh7 57. Kg2 Nd7 58. Qf7 Qxf4 59. Qg6+ Kh8 60. Qe8+ Nf8 61. Qxf8+ Kh7 62. Qf7 Qd2+ 63. Kh3 Qc3+ 64.
Kh4 Qd4+ 65. Kh3 Qg4+ 66. Kh2 Kh6 67. Qe7 Kxh5 68. Qc5 Qe4 0-1

[Event "Early-Titled-Tuesday-Blitz-October-17-2023"]
[Site "Chess.com"]
[Date "2023.10.17"]
[Round "9"]
[White "a-z30"]
[Black "Journey_to_GrandMaster_YT"]
[Result "1-0"]
[WhiteElo "2507"]
[BlackElo "2603"]
[TimeControl "180+1"]
[EndTime "9:49:38 PDT"]
[Termination "a-z30 won by checkmate"]

1. d3 d6 2. Nf3 Nf6 3. g3 e5 4. Bg2 Be7 5. O-O O-O 6. c4 c6 7. Nc3 Nbd7 8. b3 d5 9. cxd5 cxd5 10. e3 b6 11. Bb2 Bb7 12. Rc1 Rc8 13. Rc2 e4 14.
Nd4 Ne5 15. dxe4 dxe4 16. Nf5 Bb4 17. a3 Nd3 18. axb4 Nxb2 19. Qxd8 Rfxd8 20. Ne7+ Kf8 21. Nxc8 Rxc8 22. Rxb2 Rxc3 23. Rd1 Bd5 24. h3 Ke7 25.
Ra1 Rc7 26. Bf1 Nd7 27. Rba2 Bxb3 28. Rxa7 Rxa7 29. Rxa7 Kd6 30. Bb5 Ne5 31. Rb7 Bd5 32. Rxb6+ Kc7 33. Ra6 Nd3 34. Bxd3 exd3 35. Ra1 Bb3 36.
Kf1 Kb6 37. Ke1 Kb5 38. Kd2 Bc2 39. Ra3 Kxb4 40. Rxd3 Ba4 41. Rd6 Kc5 42. Rd8 Bb3 43. h4 g6 44. e4 h5 45. Ke3 Kc6 46. f4 Kc7 47. Rd4 Be6 48. e5 Bf5 49. Rd6 Kc8 50.
Kd4 Kc7 51. Kc5 Bb1 52. Ra6 Kd7 53. Ra7+ Ke6 54. Kd4 Bc2 55. Ra6+ Ke7 56. Rf6 Bb3 57. Ke3 Bc4 58. Kd4 Bb3 59. Rb6 Ba2 60. Rb7+ Ke6 61.
Rb6+ Ke7 62. Ra6 Bb3 63. Ke4 Bc4 64. Rc6 Bb3 65. f5 Kd7 66. Rc3 Ba2 67. fxg6 fxg6 68. Kf4 Ke6 69. Ra3 Bb1 70. Ra6+ Ke7 71. Rf6 Bc2 72.
Kg5 Bd3 73. Rxg6 Kf7 74. Rh6 Kg7 75. Rxh5 Bc4 76. Rh6 Bf7 77. Rf6 Be8 78. Rf4 Bd7 79. g4 Be6 80. h5 Bd5 81. Rf6 Kh7 82. Kh4 Kg7 83. g5 Be4 84. g6 Kh6 85. e6 Kg7 86. Rf7+ Kg8 87. e7 Bc6 88. Kg5 Be8 89. Kf6 Bxf7 90. gxf7+ Kh7 91. e8=Q Kh6 92. Qh8# 1-0

[Event "Early-Titled-Tuesday-Blitz-October-17-2023"]
[Site "Chess.com"]
[Date "2023.10.17"]
[Round "9"]
[White "Actuary44"]
[Black "Me_ch_an"]
[Result "0-1"]
[WhiteElo "2507"]
[BlackElo "2385"]
[TimeControl "180+1"]
[EndTime "9:49:41 PDT"]
[Termination "Me_ch_an won by checkmate"]

1. e4 c5 2. d4 cxd4 3. c3 Nf6 4. Bd3 Nc6 5. f4 d6 6. Nf3 e5 7. cxd4 Bg4 8. d5 Nd4 9. O-O Be7 10. fxe5 dxe5 11.
Bg5 O-O 12. Nbd2 h6 13. Be3 Bc5 14. Kh1 Nxf3 15. Bxc5 Nxh2 16. Qe1 Nxf1 17. Nxf1 Re8 18.
Qg3 Qd7 19. Be3 Nh5 20. Qh4 g5 21. Qf2 Nf4 22. Bc2 Bh5 23. g3 Qh3+ 24. Nh2 Ne2 25. g4 Bxg4 26. Re1 Nf4 27. Rg1 Bh5 28. Bxf4 exf4 29.
Qxf4 Bg6 30. Qf6 Rac8 31. Bd3 Bxe4+ 32. Bxe4 Rxe4 33. Rf1 Rf4 34. Rxf4 gxf4 35. Qxf4 Re8 36. Qf2 Qh5 37. Qg2+ Qg6 38. Qf1 Qe4+ 39. Qf3 Qxf3+ 40.
Nxf3 Re2 41. d6 Rxb2 42. d7 Rb1+ 43. Kg2 Rd1 44. Ne5 Rd5 45. Ng4 Kg7 46. Ne3 Rxd7 47.
Kf3 Re7 48. Nf5+ Kf6 49. Nd6 b6 50. Nc8 Rc7 51. Nd6 Ke6 52. Ne4 Rc2 53. a3 Ra2 54. Kf4 Rxa3 55. Nd2 Ra4+ 56. Ke3 f5 57. Kf3 Ke5 58.
Nf1 Ra3+ 59. Kf2 f4 60. Nh2 Ra2+ 61. Kf3 Rxh2 62. Kg4 Rg2+ 63. Kf3 Rg3+ 64. Kf2 a5 65. Ke2 a4 66. Kf2 a3 67. Ke2 a2 68. Kd2 a1=Q 69.
Kc2 Qa2+ 70. Kd1 Rg1# 0-1

[Event "Early-Titled-Tuesday-Blitz-October-17-2023"]
[Site "Chess.com"]
[Date "2023.10.17"]
[Round "9"]
[White "Mesa_1"]
[Black "Byniolus"]
[Result "1-0"]
[WhiteElo "2616"]
[BlackElo "2779"]
[TimeControl "180+1"]
[EndTime "9:49:45 PDT"]
[Termination "Mesa_1 won on time"]

1. e4 d6 2. d4 Nf6 3. Nc3 c6 4. Nf3 Bg4 5. h3 Bh5 6. Qe2 e6 7. g4 Bg6 8. h4 h5 9. g5 Nfd7 10. d5 cxd5 11. exd5 e5 12. Bh3 Be7 13. Be3 Na6 14.
O-O-O O-O 15. Nd2 Nac5 16. Nf1 b5 17. Bxd7 Nxd7 18. Ng3 b4 19. Nce4 Qa5 20. Kb1 Rfc8 21. Bc1 Nc5 22. f3 Rc7 23. b3 Rac8 24. Bb2 Nd7 25.
Rd2 Bf8 26. Rf1 Nb6 27. f4 exf4 28. Nxh5 Nxd5 29. Rxd5 Bxh5 30. Qd3 Qb6 31. Nf6+ gxf6 32. gxf6 Bg6 33. Rg5 Bh6 34. Rxg6+ fxg6 35. Qxg6+ Kf8 36. Qxh6+ Kf7 37. Qh5+ Ke6 38. Qg4+ Kd5 39. Qxf4 Kc6 40. f7 Rf8 41. Qe4+ d5 42. Qe6+ Kc5 43. Qe3+ Kc6 44.
Rf6+ Kb7 45. Rxb6+ axb6 46. Qe5 Rcxf7 47. Qxd5+ Ka7 48. Bc1 Rf1 49. Qb5 R8f4 50. Qd7+ Ka6 51. Qd2 R4f2 52. Qd3+ Ka5 53. h5 Rg1 54. Qd5+ Ka6 55.
Qa8+ Kb5 56. Qe8+ Ka6 57. Qa8+ Kb5 58. Qd5+ Ka6 59. h6 Rff1 60. Qd3+ Ka5 61. Qd5+ Ka6 62. Qd3+ Ka5 63. Qd2 Rh1 64. a3 Ka6 65. axb4 b5 66. Kb2 Kb7 67. Qd7+ Kb8 68. Bf4+ 1-0

[Event "Early-Titled-Tuesday-Blitz-October-17-2023"]
[Site "Chess.com"]
[Date "2023.10.17"]
[Round "9"]
[White "brm72"]
[Black "suyu28"]
[Result "0-1"]
[WhiteElo "2546"]
[BlackElo "2740"]
[TimeControl "180+1"]
[EndTime "9:49:48 PDT"]
[Termination "suyu28 won by checkmate"]

1. e4 c5 2. Nf3 e6 3. d4 cxd4 4. Nxd4 Nc6 5. Nc3 Qc7 6. Be3 Nf6 7. f3 a6 8. Qd2 b5 9. g4 d6 10. Nxc6 Qxc6 11. Ne2 e5 12. g5 Nh5 13. Ng3 Nf4 14. O-O-O Be6 15. Bxf4 exf4 16. Qxf4 Rc8 17. Rd2 g6 18.
Kb1 h6 19. Bd3 hxg5 20. Qxg5 Qc5 21. Qxc5 dxc5 22. e5 Rh4 23. Be4 Bh6 24. Rdd1 Bf4 25. Bb7 Rb8 26. Bxa6 Rb6 27. Ne4 Rxa6 28. Nxc5 Bxa2+ 29. Ka1 Ra8 30. Rhe1 Rxh2 31. e6 fxe6 32. b3 Bxb3+ 33.
Kb2 Bc4 34. Nxe6 Bxe6 35. Rxe6+ Kf7 36. Rb6 Re8 37. Rd7+ Re7 38. Rxe7+ Kxe7 39. Rxg6 Be5+ 40. Kb3 Bd6 41. Rg5 b4 42. c3 Rh3 43. cxb4 Rxf3+ 44. Kc4 Rf4+ 45. Kd5 Bxb4 46. Rg7+ Kf6 47. Rb7 Bd2 48.
Rb2 Be3 49. Rb7 Rd4+ 50. Kc6 Ke6 51. Rg7 Bf4 52. Rg6+ Kf5 53. Rg8 Be5 54. Kc5 Rd1 55. Rf8+ Ke4 56. Rf2 Rc1+ 57. Kb5 Kd5 58. Rf7 Rb1+ 59.
Ka4 Kc4 60. Ka5 Bd4 61. Ka6 Ra1+ 62. Kb7 Ra7+ 63. Kb8 Rxf7 64. Kc8 Kd5 65. Kd8 Bc5 66. Ke8 Ke6 67. Kd8 Bd6 68. Kc8 Kd5 69. Kd8 Kc6 70. Ke8 Rf8# 0-1

[Event "Early-Titled-Tuesday-Blitz-October-17-2023"]
[Site "Chess.com"]
[Date "2023.10.17"]
[Round "9"]
[White "Ranindu2003"]
[Black "kirillshevchenko"]
[Result "0-1"]
[WhiteElo "2785"]
[BlackElo "2929"]
[TimeControl "180+1"]
[EndTime "9:49:51 PDT"]
[Termination "kirillshevchenko won by resignation"]

1. e4 c5 2. c3 d5 3. exd5 Qxd5 4. d4 Nc6 5. Nf3 Bf5 6. Be3 cxd4 7. Nxd4 Nf6 8.
Nxf5 Qxf5 9. Na3 Nd5 10. Nb5 O-O-O 11. Qf3 Qxf3 12. gxf3 Nxe3 13. fxe3 e5 14. a4 Bc5 15. Bh3+ Kb8 16. Ke2 a6 17. Na3 Bxa3 18. Rxa3 Rd6 19. Raa1 Rhd8 20. Rad1 Rxd1 21. Rxd1 Rxd1 22. Kxd1 Kc7 23.
b4 a5 24. b5 Ne7 25. Kc2 Kd6 26. Kd3 b6 27. Kc4 Nd5 28. Kd3 g6 29. Bc8 f5 30.
Bb7 Nf6 31. Bc6 Ng8 32. Be8 Ne7 33. Bf7 Kc5 34. e4 f4 35. Be6 Kd6 36. Bf7 Kc5 37.
Be6 g5 38. Bf7 Nc8 39. Bg8 h6 40. Bf7 Nd6 41. Be6 Nb7 42. Bd5 Nd6 43. Be6 Ne8 44.
Bf7 Nf6 45. Be6 Kd6 46. Bf5 Ne8 47. Bg4 Ng7 48. Bh3 h5 49. Kc4 Ne8 50. Bf5 Nf6 51. h3 Ng8 52. Bg6 h4 53. Bf5 Ne7 54. Bg4 Ng8 55. Bf5 Nf6 56. Bc8 Nh5 57. Bg4 Ng3 58. Bc8 Nf1 59. Bg4 Ne3+ 60. Kd3 Nxg4 61. fxg4 Kc5 62. Kd2 Kc4 63. Kc2 f3 64. Kd2 f2 65.
Ke2 Kxc3 0-1

[Event "Early-Titled-Tuesday-Blitz-October-17-2023"]
[Site "Chess.com"]
[Date "2023.10.17"]
[Round "9"]
[White "Cambek64"]
[Black "jaskol95"]
[Result "0-1"]
[WhiteElo "2434"]
[BlackElo "2609"]
[TimeControl "180+1"]
[EndTime "9:49:55 PDT"]
[Termination "jaskol95 won by resignation"]

1. e3 d5 2. b3 e5 3. Bb2 Bd6 4.
c4 c6 5. Nc3 Nf6 6. cxd5 cxd5 7. Nb5 Nc6 8. Nxd6+ Qxd6 9. d3 O-O 10. Be2 Bf5 11. Nf3 Rac8 12. a3 Rfe8 13. O-O Nd7 14. b4 a6 15. Rc1 f6 16. h3 Be6 17. Nd2 a5 18. b5 Na7 19. Qa4 b6 20. d4 e4 21.
Rxc8 Rxc8 22. Rc1 f5 23. Qd1 f4 24. Rxc8+ Nxc8 25. Qc1 Nf6 26. exf4 Qxf4 27. Nf1 Qxc1 28.
Bxc1 Kf7 29. Bf4 Ke7 30. Ne3 Kd7 31. g4 Ne8 32. f3 Ned6 33. Be5 g6 34. f4 a4 35. Kf2 Na7 36. Bxd6 Kxd6 37. f5 gxf5 38. gxf5 Bd7 39. Kg3 Bxb5 40. Bh5 Bd7 41. Kf4 Nb5 42.
f6 Nxd4 43. Kg5 Ne6+ 44. Kh6 Ke5 45. Ng4+ Kf5 46. f7 d4 47. Nf2 e3 48. Nd3 Ke4 49. Bg4 Nf8 50. Be2 Be6 51. Kg7 Bxf7 52. Kxf7 Nd7 53.
Kg7 Nc5 54. Nb4 d3 55. Nxd3 Nxd3 56. h4 Nf4 57. Bb5 e2 58. Bxe2 Nxe2 59. Kxh7 Nf4 60. Kh6 Kf5 61. Kg7 b5 62. Kf7 b4 63. axb4 a3 64. b5 a2 65. b6 a1=Q 66. b7 Qf6+ 67. Ke8 Qh8+ 68. Kd7 Qb8 69. Kc6 Ke6 70. h5 Qd6+ 71. Kb5 Kd7 72. h6 Kc7 73. h7 Qe5+ 74. Ka6 Qf6+ 75. Ka5 Kxb7 76. h8=Q Qxh8 77. Kb5 Qd4 78.
Ka5 Qc5+ 79. Ka4 Qb6 80. Ka3 Kc6 0-1

[Event "Early-Titled-Tuesday-Blitz-October-17-2023"]
[Site "Chess.com"]
[Date "2023.10.17"]
[Round "9"]
[White "Nf3c5"]
[Black "alsdesdentao"]
[Result "1-0"]
[WhiteElo "2603"]
[BlackElo "2474"]
[TimeControl "180+1"]
[EndTime "9:49:57 PDT"]
[Termination "Nf3c5 won by checkmate"]

1. d4 d6 2. e4 Nf6 3. Bd3 e5 4. c3 Be7 5. Nf3 Nbd7 6. O-O O-O 7. Re1 c6 8. Bg5 Re8 9. Nbd2 Qc7 10. a4 Nf8 11. dxe5 dxe5 12. Nc4 Ng6 13. b4 h6 14. Be3 Rd8 15. Qc2 Bg4 16. Nfd2 Qd7 17. Bf1 Nh5 18.
f3 Be6 19. Rad1 Qc7 20. a5 Nhf4 21. Nb3 Nh4 22. Ncd2 Nhg6 23. g3 Nh3+ 24. Kh1 Ng5 25. Be2 b6 26. Kg2 Bh3+ 27. Kf2 Rab8 28. Nc4 Be6 29.
axb6 axb6 30. Rxd8+ Bxd8 31. Rd1 Be7 32. Qa2 Qb7 33. h4 Nh7 34. Nxb6 f5 35. Bc4 Bxc4 36. Nxc4 fxe4 37. fxe4 Nf6 38. Qc2 Rf8 39. Kg2 Ng4 40.
Bg1 Qb5 41. Ne3 Nf6 42. Nf5 Bd8 43. Nc5 Qc4 44. Qd3 Qf7 45. Nd7 Nxd7 46. Qxd7 Qa2+ 47. Qd2 Qc4 48. Qd3 Qa2+ 49. Rd2 Qe6 50. Bc5 Re8 51. Qd7 Bf6 52. Qxe6+ Rxe6 53. Rd7 Kh7 54. h5 Nh8 55. Rc7 Kg8 56. Kf3 Nf7 57. Rc8+ Kh7 58. Rf8 Ng5+ 59. Kg4 Nxe4 60. Be3 Bg5 61. Bxg5 Nxg5 62. Nh4 Rf6 63. Rc8 Nf7 64. Ng6 e4 65. Re8 Rxg6+ 66. hxg6+ Kxg6 67.
Rxe4 h5+ 68. Kf3 Ng5+ 69. Kf4 Nxe4 70. Kxe4 Kg5 71. c4 Kg4 72. b5 cxb5 73. cxb5 Kxg3 74.
b6 h4 75. b7 h3 76. b8=Q+ Kg2 77. Qb2+ Kg1 78. Kf3 h2 79. Qg2# 1-0

[Event "Early-Titled-Tuesday-Blitz-October-17-2023"]
[Site "Chess.com"]
[Date "2023.10.17"]
[Round "9"]
[White "TigrVShlyape"]
[Black "Russian_berezka"]
[Result "1/2-1/2"]
[WhiteElo "2831"]
[BlackElo "2682"]
[TimeControl "180+1"]
[EndTime "9:49:59 PDT"]
[Termination "Game drawn - insufficient material"]

1. d4 Nf6 2. Bf4 d5 3. e3 e6 4.
Nf3 c5 5. c3 Nc6 6. Nbd2 Bd6 7.
Bg3 O-O 8. Bd3 a5 9. a4 Qe7 10. Ne5 g6 11. f4 Nh5 12. O-O Nxg3 13. hxg3 f6 14. Nef3 e5 15. dxe5 fxe5 16. Bb5 Bg4 17. Qc2 e4 18. Nh2 Bd7 19. Rfe1 h5 20. Rad1 h4 21. gxh4 Qxh4 22. Ndf1 Be6 23. g3 Qe7 24.
Qg2 Kg7 25. c4 Nb4 26. cxd5 Bxd5 27. Rd2 Rad8 28. Red1 Bc7 29. Qe2 Qe6 30. Qg4 Qxg4 31.
Nxg4 Be6 32. Nf2 Rxd2 33. Nxd2 Nd5 34. Ndxe4 Nxe3 35. Re1 Nc2 36. Nxc5 Nxe1 37. Nxe6+ Kf7 38. Nxc7 Rc8 39. Nd5 Rc2 40. b3 Nf3+ 41. Kg2 Ne1+ 42.
Kf1 Rc1 43. Ke2 Nc2 44. Bc4 Na3 45. Bd3 Ra1 46. Ne4 Ra2+ 47. Kf3 Rb2 48. Bc4 Nxc4 49. bxc4 Ra2 50. Ndc3 Ra3 51. Ke3 Rb3 52. g4 Kg7 53.
Kd4 Rb2 54. f5 gxf5 55. gxf5 Kf7 56. Nd6+ Kf6 57. Nce4+ Ke7 58. f6+ Ke6 59. f7 Ke7 60. Ng5 Rd2+ 61. Ke5 Re2+ 62. Nge4 Re1 63. Nxb7 Kxf7 64.
Kd5 Ra1 65. Nc3 Ra3 66. Kd4 Ke7 67. c5 Rb3 68. Nxa5 Rb4+ 69. Ke5 Ke8 70. Nc6 Rc4 71. Nd5 Rxc5 72. Kd6 Rc4 73. Ndb4 Rc1 74. Na2 Ra1 75. Ncb4 Rb1 76. a5 Rb3 77. a6 Ra3 78. Kc6 Kf7 79.
Kb6 Ke6 80. Nc1 Rxa6+ 81. Kxa6 1/2-1/2

[Event "Early-Titled-Tuesday-Blitz-October-17-2023"]
[Site "Chess.com"]
[Date "2023.10.17"]
[Round "9"]
[White "secretsuperstar7"]
[Black "TregubovP"]
[Result "1/2-1/2"]
[WhiteElo "2475"]
[BlackElo "2607"]
[TimeControl "180+1"]
[EndTime "9:50:02 PDT"]
[Termination "Game drawn by repetition"]

1. d4 Nf6 2. c4 e6 3. Nc3 Bb4 4. Qc2 c5 5. dxc5 O-O 6. g3 Na6 7. Bg2 Nxc5 8. Nf3 Nce4 9. O-O Bxc3 10. bxc3 Qc7 11. Rb1 Qxc4 12. Ne5 Qxc3 13. Bxe4 Qxe5 14. Bxb7 Bxb7 15. Rxb7 Qh5 16. Bb2 Ng4 17. h4 d5 18. Qc3 Nf6 19. Qe3 Ne4 20. Qd4 Qg6 21. Rc1 h5 22. Rcc7 Nd6 23. Rb3 a6 24. Ba3 Nb5 25.
Rxb5 axb5 26. Bxf8 Rxf8 27. Qb4 Ra8 28. Qxb5 Rxa2 29. Qe8+ Kh7 30. Qxf7 Qxf7 31. Rxf7 Rxe2 32. Rd7 Kg6 33. Kg2 Kf6 34. Kf3 Ra2 35. Rd8 g6 36.
Rf8+ Ke5 37. Rg8 Ra3+ 38. Ke2 Kf5 39. Rf8+ Ke5 40. Rg8 Kf6 41. Rf8+ Ke7 42. Rg8 Kf7 43. Rd8 Ra2+ 44. Ke3 Ra4 45. Rd7+ Kf6 46. Rd8 Ra3+ 47. Ke2 Ra4 48. Rf8+ Ke7 49. Rg8 Kf7 50. Rd8 Kf6 51. Rf8+ Ke5 52. Rg8 Rg4 53. Rg7 Kd4 54. Re7 e5 55.
Ra7 e4 56. Ra4+ Ke5 57. Ra5 g5 58. hxg5 Rxg5 59. Ke3 Rf5 60. Rb5 Rf3+ 61. Ke2 Ra3 62. Rc5 Kd4 63. Rc8 Ra2+ 64. Kf1 Kd3 65. Rh8 d4 66. Rxh5 e3 67. fxe3 dxe3 68. Rd5+ Ke4 69. Rd8 Kf3 70. Rf8+ Kxg3 71. Rg8+ Kf3 72. Rf8+ Ke4 73.
Re8+ Kd3 74. Rd8+ Kc3 75. Rc8+ Kd2 76. Rd8+ Kc1 77. Ke1 Kc2 78. Rc8+ Kd3 79. Rd8+ Ke4 80. Re8+ Kd3 81. Rd8+ Ke4 82. Re8+ Kd3 83. Rd8+ 1/2-1/2

[Event "Early-Titled-Tuesday-Blitz-October-17-2023"]
[Site "Chess.com"]
[Date "2023.10.17"]
[Round "9"]
[White "HajiyevKanan"]
[Black "Kirill_Klukin"]
[Result "0-1"]
[WhiteElo "2552"]
[BlackElo "2680"]
[TimeControl "180+1"]
[EndTime "9:50:11 PDT"]
[Termination "Kirill_Klukin won by resignation"]

1. d4 f5 2. Nf3 e6 3. g3 Nf6 4.
Bg2 d5 5. O-O Bd6 6. Ne5 O-O 7.
c4 c6 8. Qc2 Qe7 9. Bf4 b6 10.
Nd2 Bb7 11. cxd5 cxd5 12. Rac1 Ne4 13. Nxe4 fxe4 14. f3 exf3 15. exf3 g5 16. Be3 Bxe5 17. dxe5 Nc6 18. f4 Rac8 19. Qe2 gxf4 20. Bxf4 Nd4 21.
Qg4+ Qg7 22. Qxg7+ Kxg7 23. Kf2 Ba6 24. Rxc8 Rxc8 25. Rc1 Rxc1 26. Bxc1 Nc6 27. Bf4 Bd3 28. Ke3 Bf5 29. Bf3 Kf7 30. g4 Bg6 31. h4 Na5 32. h5 Bb1 33. Kd4 Bxa2 34. Kc3 Bb1 35. b4 Nc6 36. b5 Na5 37. Be2 Be4 38. g5 Nb7 39. Be3 Nc5 40. Kd4 Nb3+ 41. Kc3 Nc5 42. Kd4 Bf5 43. Bf3 Nb3+ 44. Kc3 Na5 45. Be2 Nb7 46. Bd4 Nc5 47. Bf3 Ke7 48. Kb4 Nd3+ 49.
Kc3 Nf4 50. Be3 Nd3 51. g6 hxg6 52. h6 Kf7 53. Kd4 Nc5 54. Bg5 Nd7 55. Bd1 Nf8 56. Bb3 Nh7 57. Bd2 g5 58. Bd1 Kg6 59. Bf3 Kxh6 60. Bxd5 exd5 61. Kxd5 Nf8 62. Kd6 Kg6 63. Kc7 Bd3 64. Kc6 g4 65. Be1 Kf5 66. Bg3 Ne6 67. Kb7 Nc5+ 68. Kxa7 Na4 69. Ka6 Ke6 70. Bf4 Kd5 71.
Bg3 Bf5 72. Bf2 Bd7 73. Bg1 Kc4 74. Bf2 Bxb5+ 75. Kb7 Bd7 76. Bg3 Kd5 77. Kc7 Bf5 78. Kb7 b5 79. Ka6 b4 80. Ka5 b3 81. e6 Bxe6 82.
Kxa4 b2 83. Kb3 b1=Q+ 84. Kc3 Qf5 0-1

[Event "Early-Titled-Tuesday-Blitz-October-17-2023"]
[Site "Chess.com"]
[Date "2023.10.17"]
[Round "9"]
[White "Ginzburg_Yakov"]
[Black "PeshkaCh"]
[Result "1-0"]
[WhiteElo "2614"]
[BlackElo "2811"]
[TimeControl "180+1"]
[EndTime "9:50:16 PDT"]
[Termination "Ginzburg_Yakov won by checkmate"]

1. d4 Nf6 2. g3 e6 3. Bg2 Be7 4. Nf3 d5 5. c4 O-O 6. O-O dxc4 7. Qc2 a6 8. Qxc4 b5 9. Qc2 Bb7 10. Bf4 Bd6 11. Nbd2 Nbd7 12. Rac1 Rc8 13. Nb3 Be4 14.
Qd2 Nb6 15. Na5 Nbd5 16. Nb7 Qe7 17. Nc5 Bxc5 18. Rxc5 Nd7 19. Rcc1 c5 20. dxc5 Rxc5 21. Rxc5 Nxc5 22. Rc1 Rd8 23. Be3 Nb7 24. Nd4 Nxe3 25. Bxe4 Nc4 26. Qc3 Re8 27. Bxb7 Qxb7 28. b3 Nd6 29.
Qf3 Qa7 30. Nc6 Qb6 31. Qd3 Nf5 32. Qd7 Rf8 33. Ne5 Qd4 34. Rc8 Qxd7 35. Rxf8+ Kxf8 36. Nxd7+ Ke7 37. Nc5 a5 38. Nb7 a4 39. Nc5 a3 40. e3 Nd6 41. Kf1 b4 42. Ke2 Nb5 43. Na4 Kd6 44. Kd3 Kd5 45. e4+ Kc6 46. Kc4 Nd6+ 47.
Kxb4 Nxe4 48. Kxa3 Nxf2 49. Kb4 e5 50. Nc3 e4 51. a4 Nd3+ 52. Kc4 Ne5+ 53. Kd4 Nf3+ 54. Kxe4 Nxh2 55. b4 Ng4 56. Kd4 f5 57. a5 Nf6 58.
b5+ Kb7 59. Nd5 Nd7 60. a6+ Ka7 61. Ne7 Kb6 62. Kc4 Ne5+ 63. Kd5 Nd7 64. Nc8+ Kc7 65. a7 Kb7 66. b6 g5 67. Nd6+ Ka8 68. Kc6 Nb8+ 69. Kc7 Na6+ 70. Kc8 Nc5 71. Nb5 Na6 72. b7# 1-0

[Event "Early-Titled-Tuesday-Blitz-October-17-2023"]
[Site "Chess.com"]
[Date "2023.10.17"]
[Round "9"]
[White "LeRoidesChampions"]
[Black "baki83"]
[Result "1/2-1/2"]
[WhiteElo "2706"]
[BlackElo "2834"]
[TimeControl "180+1"]
[EndTime "9:50:36 PDT"]
[Termination "Game drawn by repetition"]

1. e4 c5 2. Nf3 Nc6 3. b4 cxb4 4. d4 d5 5. exd5 Qxd5 6. c4 bxc3 7.
Nxc3 Qa5 8. d5 Ne5 9. Bd2 Nxf3+ 10. Qxf3 Bd7 11. Rb1 Nf6 12. Rxb7 Rc8 13. Bb5 Bxb5 14.
Rxb5 Qa6 15. O-O g6 16. Re1 Bg7 17. Rbb1 h5 18. Nb5 O-O 19. Qb3 Rfe8 20. a4 Ng4 21. h3 Ne5 22. Be3 Red8 23. Nxa7 Rc3 24. Qb6 Qxb6 25.
Bxb6 Rxd5 26. Nb5 Rc2 27. a5 Ra2 28. Nc3 Raxa5 29. Nxd5 Rxd5 30. Be3 Nc4 31. Bf4 e5 32. Bg3 f5 33. Rb8+ Kh7 34. Rb7 g5 35. f3 Kg6 36.
Ra1 Rd6 37. Bf2 e4 38. Rc1 e3 39. Bg3 f4 40. Bxf4 gxf4 41. Rxc4 Rd1+ 42. Kh2 e2 43. Rc6+ Bf6 44. Rbb6 e1=Q 45. Rxf6+ Kg7 46. Rg6+ Kf7 47. Rgf6+ Ke7 48. Rxf4 Qe5 49. Rb4 Kd7 50. Re4 Qd6 51. Kg3 Rd2 52. Kh4 Kc7 53. Rf7+ Kb6 54. Rf5 Qd8+ 55.
Kxh5 Rxg2 56. Rg4 Rxg4 57. hxg4 Qh8+ 58. Kg5 Qg7+ 59. Kh5 Kc6 60. f4 Kd6 61. g5 Qh7+ 62. Kg4 Qd7 63. g6 Qe8 64. Kg5 Qd8+ 65. Rf6+ Ke7 66. Rf7+ Ke6+ 67. Kh6 Qh8+ 68. Kg5 Qh3 69. f5+ Ke5 70. Re7+ Kd6 71. Re6+ Kd7 72. Kf6 Qh6 73. Kf7 Qh5 74. f6 Qd5 75. Kg7 Qxe6 76. f7 Qe7 77.
Kg8 Qe6 78. Kg7 Qe5+ 79. Kg8 Qd5 80. Kg7 Qd4+ 81. Kg8 Qc4 82. Kg7 Qc3+ 83. Kg8 Qb3 84. Kg7 Qb2+ 85. Kg8 Qa2 86. Kg7 Qa1+ 87. Kg8 Qa2 88.
Kg7 Qb2+ 89. Kg8 Qb3 90. Kg7 Qc3+ 91. Kg8 Qc4 92. Kg7 Qd4+ 93. Kg8 Qd5 94. Kg7 Qe5+ 95.
Kg8 Qe6 96. Kg7 1/2-1/2

[Event "Early-Titled-Tuesday-Blitz-October-17-2023"]
[Site "Chess.com"]
[Date "2023.10.17"]
[Round "9"]
[White "WPWPWP-2015"]
[Black "SAInt_666"]
[Result "0-1"]
[WhiteElo "2575"]
[BlackElo "2778"]
[TimeControl "180+1"]
[EndTime "9:50:41 PDT"]
[Termination "SAInt_666 won by resignation"]

1. e4 c5 2. Nf3 d6 3. d4 cxd4 4.
Nxd4 Nf6 5. Nc3 Nc6 6. h3 e5 7. Nb3 Be6 8. Be3 Be7 9. Qd2 O-O 10. Rd1 a5 11. Be2 a4 12. Nc1 a3 13. b3 Nb4 14. O-O Rc8 15. Bf3 Qa5 16. N1e2 Nc6 17. Nd5 Bxd5 18. exd5 Qxd2 19. Rxd2 Nb4 20. c3 Na6 21. g3 b5 22. Rc1 Nd7 23. Be4 g6 24. Bd3 Rb8 25. c4 b4 26. f4 f6 27. Re1 Bd8 28. fxe5 fxe5 29. Kg2 Bb6 30. Ng1 Bxe3 31.
Rxe3 Nac5 32. Be2 Nf6 33. Bf3 Kg7 34. h4 h6 35. Nh3 Rf7 36. Nf2 Rbf8 37. Ne4 Nfxe4 38. Bxe4 Rf1 39. Bf3 Rb1 40. Ree2 g5 41. hxg5 hxg5 42. Bg4 Rff1 43. Bf3 Rg1+ 44. Kh3 Rbf1 45.
Kg4 Nd7 46. Bg2 Nf6+ 47. Kxg5 Ra1 48. Rf2 Nh7+ 49. Kf5 Kf7 50. Kg4+ Ke7 51. Kh5 Rge1 52. Kg6 Nf8+ 53. Kg7 Nd7 54. Rf7+ Kd8 55. Bh3 Nc5 56. g4 Re3 57. Rh2 Rg1 58. Kh6 Rgg3 59. Bg2 Rxg4 60. Rg7 Rxg7 61. Kxg7 Re2 62. Rh8+ Kc7 63. Bh3 Rxa2 64.
Kf6 Rf2+ 65. Ke7 Nb7 66. Ra8 Kb6 67. Ke6 e4 68. Bf5 e3 69. Bg4 e2 70. Bxe2 Rxe2+ 71.
Kd7 a2 72. c5+ Nxc5+ 73. Kxd6 Nxb3 74. Rb8+ Ka5 75. Ra8+ Kb5 76. Rb8+ Ka4 77. Ra8+ Na5 78. Kc5 a1=Q 79. Kb6 Qd4+ 80. Ka6 Qc4+ 81. Kb6 Qb5+ 82.
Kc7 Qb7+ 83. Kd6 Qxa8 84. Kc5 Rc2+ 85. Kd6 Qd8+ 86. Ke5 Re2+ 0-1